 Dungeon Crawl Stone Soup version 0.29-a0-1033-gb6c65ffae6 (webtiles) character file.

Game seed: 14115825690293852335

385 tatocazan the Trooper (level 6, 0/48 HPs)
             Began as a Demonspawn Fighter on Aug 14, 2022.
             Slain by a black bear (8 damage)
             ... on level 4 of the Dungeon on Aug 15, 2022.
             The game lasted 00:05:02 (4576 turns).

tatocazan the Trooper (Demonspawn Fighter)          Turns: 4576, Time: 00:05:03

Health: 0/48       AC:  7    Str: 18    XL:     6   Next: 48%
Magic:  6/6        EV:  9    Int:  9    God:
Gold:   255        SH:  5    Dex: 13    Spells: 5/5 levels left

rFire   . . .      SeeInvis +   a - +0 war axe
rCold   . . .      Faith    .   c - +0 buckler
rNeg    . . .      Spirit   .   b - +0 scale mail
rPois   .          Reflect  .   (no helmet)
rElec   .          Harm     .   (no cloak)
rCorr   .          Rampage  .   (no gloves)
Will    .....                   (no boots)
Stlth   ..........              k - amulet of the acrobat
HPRegen 0.16/turn               m - ring of see invisible
MPRegen 0.10/turn               (no ring)

@: about to teleport
A: demonic touch 2
a: no special abilities


You were on level 4 of the Dungeon.
You visited 1 branch of the dungeon, and saw 6 of its levels.

You collected 255 gold pieces.

Inventory:

Hand Weapons
 a - a +0 war axe (weapon)
Armour
 b - a +0 scale mail (worn)
 c - a +0 buckler (worn)
Jewellery
 k - an amulet of the acrobat (around neck)
 m - a ring of see invisible (left hand)
Wands
 q - a wand of roots (12)
Scrolls
 e - 3 scrolls of teleportation
 g - a scroll of poison {unknown}
 i - 3 scrolls of identify {unknown}
 j - 3 scrolls of immolation {unknown}
 l - a scroll of magic mapping {unknown}
 n - a scroll of vulnerability {unknown}
Potions
 d - 2 potions of might
 f - a potion of flight {unknown}
 h - a potion of cancellation {unknown}
 o - a potion of berserk rage {unknown}
 p - a potion of brilliance {unknown}
 r - 2 potions of curing {unknown}


   Skills:
 + Level 4.3 Fighting
 * Level 3.9 Axes
 + Level 3.9 Armour
 + Level 3.9 Shields


You had 5 spell levels left.
You didn't know any spells.
Your spell library contained the following spells:

 Spells                   Type           Power      Damage    Failure   Level
 Apportation              Tloc           0%         N/A       85%         1
 Foxfire                  Conj/Fire      0%         2x1d4     85%         1
 Necrotise                Necr           0%         1d4       85%         1
 Slow                     Hex            0%         N/A       85%         1
 Summon Small Mammal      Summ           0%         N/A       85%         1
 Conjure Flame            Conj/Fire      0%         6-21      99%         3
 Gell's Gravitas          Tloc           0%         N/A       99%         3
 Ignite Poison            Fire/Tmut/Pois 0%         N/A       99%         3
 Inner Flame              Hex/Fire       0%         N/A       99%         3
 Lesser Beckoning         Tloc           0%         N/A       99%         3
 Mephitic Cloud           Conj/Pois/Air  0%         N/A       99%         3
 Teleport Other           Tloc           0%         N/A       99%         3
 Flame Wave               Conj/Fire      0%         2d4       100%        4
 Freezing Cloud           Conj/Ice/Air   0%         6-21      100%        5


Dungeon Overview and Level Annotations

Branches:
Dungeon (6/15)             Temple (0/1) D:4

Altars:
Cheibriados
Wu Jian
Xom

Annotations:
D:3 2 transporters


Innate Abilities, Weirdness & Mutations

Your touch may inflict irresistible damage on your foes.


Message History

You are too injured to fight recklessly!
You are too injured to fight recklessly!
You are too injured to fight recklessly!
You are too injured to fight recklessly!
You are too injured to fight recklessly!
You are too injured to fight recklessly!
You are too injured to fight recklessly!
You are too injured to fight recklessly!
You are too injured to fight recklessly!
You are too injured to fight recklessly!
You are too injured to fight recklessly!
You are too injured to fight recklessly!
You barely miss the black bear.
The black bear is moderately wounded.
You hit the scorpion but do no damage. The scorpion stings you.
The black bear bites you but does no damage.
The black bear claws you but does no damage.
The black bear claws you.
You take 7 damage, and have 18/48 hp.
You slash the black bear!
The black bear is severely wounded.
You hit the scorpion. The scorpion closely misses you.
The black bear bites you but does no damage.
You block the black bear's attack. x2; The scorpion stings you.
You take 2 damage, and have 16/48 hp.
You closely miss the black bear.
The black bear is severely wounded.
You hit the scorpion.
The black bear goes berserk!
The scorpion stings you.
* * * LOW HITPOINT WARNING * * *
The black bear bites you.
* * * LOW HITPOINT WARNING * * *
The black bear claws you but does no damage.
The black bear claws you.
* * * LOW HITPOINT WARNING * * *
You take 7 damage, and have 9/48 hp.
As you read the scroll of teleportation, it crumbles to dust.
You feel strangely unstable. The scorpion stings you.
* * * LOW HITPOINT WARNING * * *
The black bear bites you!
You die...

###. ###
..#. ..#
..?.. ..#
..... ..
.[.... .#
......##.#
......s..###
.!....h@...#
......)#.###
.....## ##
.... ... ..
.


You could see a black bear (berserk) and a scorpion.

Vanquished Creatures
  A phantom (D:4)
  An orc priest (D:3)
  A hound (D:5)
  4 iguanas
  An orc wizard (D:4)
  4 adders
  A white imp (D:5)
  4 worms
  3 dart slugs
  6 orcs
  7 endoplasms
  4 giant cockroaches
  5 goblins
  3 hobgoblins (D:1)
  2 jackals (D:3)
  9 kobolds
  A quokka (D:2)
  4 ball pythons
  3 bats
  A frilled lizard (D:3)
  3 rats
68 creatures vanquished.

Notes
Turn   | Place    | Note
-------+----------+-------------------------------------------
     0 | D:1      | tatocazan the Demonspawn Fighter began the quest for the
                  | Orb.
     0 | D:1      | Reached XP level 1. HP: 18/18 MP: 1/1
   143 | D:1      | Found a faded altar of an unknown god.
   151 | D:1      | Got Plato's Discursus on Charms
   272 | D:1      | Gained mutation: Your touch may inflict minor irresistible
                  | damage on your foes. [demonic ancestry]
   272 | D:1      | Reached XP level 2. HP: 24/24 MP: 2/2
  1022 | D:2      | Found an ornate altar of the Wu Jian Council.
  1053 | D:2      | Gained mutation: Your touch may inflict irresistible damage
                  | on your foes. [demonic ancestry]
  1053 | D:2      | Reached XP level 3. HP: 29/29 MP: 3/3
  1614 | D:2      | Reached XP level 4. HP: 25/35 MP: 4/4
  1971 | D:3      | Found a transporter.
  2060 | D:3      | Found a transporter.
  2537 | D:3      | Found a snail-covered altar of Cheibriados.
  2545 | D:3      | Found a shimmering altar of Xom.
  3450 | D:4      | Reached XP level 5. HP: 36/42 MP: 5/5
  3488 | D:4      | Noticed a phantom
  3590 | D:4      | Killed a phantom
  3591 | D:4      | Reached skill level 4 in Fighting
  3591 | D:4      | Reached XP level 6. HP: 44/48 MP: 6/6
  3645 | D:4      | Found a staircase to the Ecumenical Temple.
  3647 | D:4      | You fall into a shaft and drop 2 floors!
  3718 | D:5      | Entered Level 5 of the Dungeon
  4576 | D:4      | Slain by a black bear

Illustrated notes

Levels and vault maps discovered:
D:1:      spicycebolla_green_bress_n_ham_2, layout_basic,
          shapermc_ecumenical_altar_rom_forum, minmay_stone_trees_large
D:2:      layout_rooms, basic_altar, serial_aquarium,
          aquarium_bridge_island_small [aquarium_subvault_small_open,
          aquarium_subvault_wall, aquarium_subvault_bridge,
          aquarium_subvault_wall, aquarium_subvault_wall], aquarium_window_fake,
          aquarium_window_double, aquarium_view_2f
D:3:      gammafunk_wand_slinger, layout_basic, amethyst_overflow_temple_binary,
          hangedman_abyss_or_decor_lesser_grid
D:4:      layout_cave_pools, temple_statues, grunt_decor_junction,
          chequers_serial_rivers_micro_d
D:5:      layout_gridville, serial_bayou_lake_a
D:6:      layout_rooms

Skill      XL: |  1  2  3  4  5 |
---------------+----------------+-----
Axes           | 2 3 |  3.9
Shields        | 3 |  3.9
Armour         | 3 |  3.9
Fighting       | 4 |  4.3

Action                   |  1- 3 |  4- 6 || total
-------------------------+-------+-------++-------
Melee: War axe           |   114 |   126 ||   240
  Use: Scroll            |       |     2 ||     2
Armor: Scale mail        |    55 |    61 ||   116
Dodge: Dodged            |    58 |    56 ||   114
Block: Buckler           |    26 |    28 ||    54

Table legend: (Time is in decaauts)
 A = Elapsed time spent in this place.
 B = Non-inter-level travel time spent in this place.
 C = Inter-level travel time spent in this place.
 D = Time resting spent in this place.
 E = Time spent auto-exploring this place.
 F = Levels seen in this place.
 G = Mean time per level.
                   A        B        C        D        E       F      G
               +--------+--------+--------+--------+--------+-----+--------+
         Total |   4681 |   4561 |    120 |   1093 |   2840 |   6 |  780.2 |
       Dungeon |   4681 |   4561 |    120 |   1093 |   2840 |   6 |  780.2 |
               +--------+--------+--------+--------+--------+-----+--------+

Top non-repeatable levels by time:
     D:3: 1555 daAuts
     D:1: 1017 daAuts
     D:2: 984 daAuts
     D:5: 857 daAuts
     D:4: 194 daAuts
     D:6: 71 daAuts
